 Dungeon Crawl Stone Soup version 0.21-a0-529-g8c7b3f5 (webtiles) character file.

347 rgaf the Charmwright (level 6, -4/76 HPs)
             Began as a Gnoll Skald on Dec 11, 2017.
             Slain by Blork the orc
             ... wielding a +0 glaive
              (8 damage)
             ... on level 4 of the Dungeon.
             The game lasted 00:05:17 (4491 turns).

rgaf the Charmwright (Gnoll Skald)                  Turns: 4491, Time: 00:05:18

Health: -4/76      AC: 23    Str: 14 (16) XL:     6   Next: 59%
Magic:  14/14      EV:  2    Int: 12 (15) God:
Gold:   124        SH:  0    Dex: 12 (14) Spells: 14/15 levels left

rFire    . . .     SeeInvis .   o - +0 morningstar
rCold    . . .     Gourm    .   (no shield)
rNeg     + + +     Faith    .   (armour currently unavailable)
rPois    +         Spirit   .   (helmet currently unavailable)
rElec    .         Reflect  .   (cloak currently unavailable)
rCorr    .         Harm     .   (gloves currently unavailable)
MR       .....     NoTele   +   (boots currently unavailable)
Stlth    ++++......             (no amulet)
HPRegen  0.22/turn              h - ring of stealth
MPRegen  0.14/turn              u - ring of stealth

@: tree-form, very slightly contaminated, hasted, invisible, very quick
A: distributed training, strong nose
a: no special abilities


You were on level 4 of the Dungeon.
You were not hungry.
You were a tree.
You visited 1 branch of the dungeon, and saw 4 of its levels.

You collected 124 gold pieces.

Inventory:

Hand Weapons
 a - a +1 spear
 o - a +0 morningstar (weapon)
Missiles
 j - a throwing net (quivered)
Armour
 b - a +0 leather armour
 m - a +0 scale mail (melded)
 z - a +0 pair of boots (melded)
Jewellery
 h - a ring of stealth (left branch)
 r - an uncursed amulet of guardian spirit {unknown}
 u - a ring of stealth (right branch)
Scrolls
 f - 2 scrolls of enchant armour {unknown}
 g - 2 scrolls of teleportation {unknown}
 w - a scroll of identify
Potions
 e - 3 potions of heal wounds {unknown}
 k - a potion of agility {unknown}
 l - a potion of curing {unknown}
 n - 4 potions of degeneration
 p - 2 potions of haste
 q - 2 potions of lignification
 s - a potion of might
 t - a potion of resistance {unknown}
Books
 c - a book of Battle

   Spells                             Type                      Level
   a - Infusion                       Charms                       1
   b - Shroud of Golubria             Charms/Translocation         2
   c - Song of Slaying                Charms                       2
   d - Spectral Weapon                Hexes/Charms                 3
   e - Regeneration                   Charms/Necromancy            3
Comestibles
 d - 4 bread rations
 v - a meat ration
 x - 2 fruits


   Skills:
 + Level 5.0 Fighting
 + Level 2.0 Short Blades
 + Level 2.0 Long Blades
 + Level 2.0 Axes
 + Level 2.0 Maces & Flails
 + Level 5.0 Polearms
 + Level 2.0 Staves
 + Level 2.0 Slings
 + Level 2.0 Bows
 + Level 2.0 Crossbows
 + Level 2.0 Throwing
 + Level 3.2 Armour
 + Level 5.0 Dodging
 + Level 2.0 Stealth
 + Level 2.0 Shields
 + Level 2.0 Unarmed Combat
 + Level 5.4 Spellcasting
 + Level 1.5 Conjurations
 + Level 1.5 Hexes
 + Level 5.6 Charms
 + Level 1.5 Summonings
 + Level 1.5 Necromancy
 + Level 1.5 Translocations
 + Level 1.5 Transmutations
 + Level 1.5 Fire Magic
 + Level 1.5 Ice Magic
 + Level 1.5 Air Magic
 + Level 1.5 Earth Magic
 + Level 1.5 Poison Magic
 + Level 2.2 Invocations
 + Level 2.0 Evocations


You had 14 spell levels left.
You knew the following spells:

 Your Spells              Type           Power        Failure   Level  Hunger
a - Infusion              Chrm           ###.         1%          1    None


Dungeon Overview and Level Annotations

Branches:
Dungeon (4/15)
 Temple: D:4-7

Altars:
Trog
Uskayaw

Annotations:
D:4 Blork the orc


Innate Abilities, Weirdness & Mutations

Your experience applies equally to all skills.
((You have very sharp teeth.))
Your uncanny sense of smell can sniff out nearby items.


Message History

You hear some strange, mumbled words.
A puff of flame appears from out of thin air!
You hit something but do no damage. Something hits you!
You hear some strange, mumbled words.
You hit something. Your bite misses something. Something hits you!
You barely miss something. Something hits you!
* * * LOW HITPOINT WARNING * * *
Something hits you!
* * * LOW HITPOINT WARNING * * *
It was a potion of lignification.
You turn into a tree.
Your +0 pair of boots melds into your body.
Your +0 scale mail melds into your body.
Your roots penetrate the ground.
Something hits you but does no damage.
It was a potion of degeneration.
There was something very wrong with that liquid.
You feel weakened.
You feel dopey.
You feel clumsy. Something hits you.
* * * LOW HITPOINT WARNING * * *
It was a potion of haste.
You feel yourself speed up. Something hits you!
You die...

***********#########***#######**#
,,,,,,,,,,,#.......#,..........,.
,,,,,,,,,,,#....?..#...........,.
,,,,,,,,,,,#.......#...........,.
,,**,,,,,,,+.......##...##....#*.
,,**,,,,,,,##...♣..##...##....##.
,,*********##..{...##............
,,,,,,,,,,,#.....................
,,,,,,,,,,,#............##...)##.
,,,,,,,,,,,#.......##...##....#*#
,,,,,,,,,,,##..)...##...##.<..#
,,,,,,,,,,,*#......##.........#
,,**,,,∆,∆,*#......#..........#
***********##......#..........#


There were no monsters in sight!

Vanquished Creatures
  A scorpion (D:3)
  A crimson imp (D:2)
  A jelly (D:2)
  2 orc wizards
  3 gnolls (D:3)
  4 adders
  2 oozes (D:1)
  3 dart slugs
  3 leopard geckos (D:3)
  10 orcs
  6 giant cockroaches
  7 goblins
  8 hobgoblins
  10 jackals
  A quokka (D:3)
  A ball python (D:3)
  4 bats
  5 frilled lizards
  5 kobolds
  8 rats
85 creatures vanquished.

Notes
Turn   | Place    | Note
-------+----------+-------------------------------------------
     0 | D:1      | rgaf the Gnoll Skald began the quest for the Orb.
     0 | D:1      | Reached XP level 1. HP: 20/20 MP: 6/6
    32 | D:1      | Reached XP level 2. HP: 25/26 MP: 7/7
   343 | D:1      | Reached XP level 3. HP: 28/31 MP: 9/9
   354 | D:1      | Reached skill level 5 in Spellcasting
   827 | D:2      | Found a bloodstained altar of Trog.
   880 | D:2      | Reached skill level 1 in Invocations
  1455 | D:2      | Reached skill level 1 in Short Blades
  1455 | D:2      | Reached skill level 1 in Long Blades
  1455 | D:2      | Reached skill level 1 in Axes
  1455 | D:2      | Reached skill level 1 in Maces & Flails
  1455 | D:2      | Reached skill level 1 in Staves
  1455 | D:2      | Reached skill level 1 in Slings
  1455 | D:2      | Reached skill level 1 in Bows
  1455 | D:2      | Reached skill level 1 in Crossbows
  1455 | D:2      | Reached skill level 1 in Throwing
  1455 | D:2      | Reached skill level 1 in Stealth
  1455 | D:2      | Reached skill level 1 in Shields
  1455 | D:2      | Reached skill level 1 in Unarmed Combat
  1455 | D:2      | Reached skill level 1 in Evocations
  1455 | D:2      | Reached XP level 4. HP: 36/38 MP: 11/11
  1610 | D:2      | Reached skill level 1 in Conjurations
  1610 | D:2      | Reached skill level 1 in Hexes
  1610 | D:2      | Reached skill level 1 in Summonings
  1610 | D:2      | Reached skill level 1 in Necromancy
  1610 | D:2      | Reached skill level 1 in Translocations
  1610 | D:2      | Reached skill level 1 in Transmutations
  1610 | D:2      | Reached skill level 1 in Fire Magic
  1610 | D:2      | Reached skill level 1 in Ice Magic
  1610 | D:2      | Reached skill level 1 in Air Magic
  1610 | D:2      | Reached skill level 1 in Earth Magic
  1610 | D:2      | Reached skill level 1 in Poison Magic
  1610 | D:2      | Reached XP level 5. HP: 24/43 MP: 12/12
  3398 | D:3      | Found a hide-covered altar of Uskayaw.
  3412 | D:3      | Reached XP level 6. HP: 45/50 MP: 13/13
  4313 | D:3      | Reached skill level 5 in Fighting
  4313 | D:3      | Reached skill level 5 in Polearms
  4313 | D:3      | Reached skill level 5 in Dodging
  4447 | D:4      | Noticed Blork the orc
  4491 | D:4      | Slain by Blork the orc

Vault maps used:
D:1:      scummos_arrival_checkerplants, minmay_misc_feat_columns, minivault_24
D:2:      trog_three_pillars_becter
D:3:      eat_drink_and_be_merry_uskayaw, mrwooster_statue_mirror,
          minmay_mini_jars
D:4:      first_bread, uniq_blork_the_orc

Skill      XL: |  1  2  3  4  5  6 |
---------------+-------------------+-----
Spellcasting   | 5 |  5.4
Invocations    | 1 2 |  2.2
Short Blades   | 1 2 |  2.0
Long Blades    | 1 2 |  2.0
Axes           | 1 2 |  2.0
Maces & Flails | 1 2 |  2.0
Staves         | 1 2 |  2.0
Slings         | 1 2 |  2.0
Bows           | 1 2 |  2.0
Crossbows      | 1 2 |  2.0
Throwing       | 1 2 |  2.0
Stealth        | 1 2 |  2.0
Shields        | 1 2 |  2.0
Unarmed Combat | 1 2 |  2.0
Evocations     | 1 2 |  2.0
Conjurations   | 1 |  1.5
Hexes          | 1 |  1.5
Summonings     | 1 |  1.5
Necromancy     | 1 |  1.5
Translocations | 1 |  1.5
Transmutations | 1 |  1.5
Fire Magic     | 1 |  1.5
Ice Magic      | 1 |  1.5
Air Magic      | 1 |  1.5
Earth Magic    | 1 |  1.5
Poison Magic   | 1 |  1.5
Armour         | 3 |  3.2
Fighting       | 5 |  5.0
Polearms       | 5 |  5.0
Dodging        | 5 |  5.0
Charms         | |  5.6

Action                   |  1- 3 |  4- 6 || total
-------------------------+-------+-------++-------
Melee: Spear             |   311 |   195 ||   506
       Bite              |    23 |    17 ||    40
       Morningstar       |       |    32 ||    32
  Use: Scroll            |       |     6 ||     6
       Potion            |       |     4 ||     4
 Stab: Sleeping          |     3 |     7 ||    10
       Distracted        |     1 |       ||     1
  Eat: Fruit             |     2 |     1 ||     3
       Chunk             |       |     9 ||     9
Armor: Leather armour    |    11 |       ||    11
       Scale mail        |    80 |    70 ||   150
       Skin              |       |     1 ||     1
Dodge: Dodged            |   148 |    90 ||   238

Table legend:
 A = Spawn XP
 B = Non-spawn XP
 C = Spawn XP percentage of total XP
 D = Spawn monster count
 E = Non-spawn monster count
 F = Spawn count percentage of total count
 G = Total turns spent on level
                    A         B        C        D         E        F      G
               +---------+---------+-------+---------+---------+-------+---------
         Total |       0 |     497 |   0.0 |       0 |      85 |   0.0 |  4491
               +---------+---------+-------+---------+---------+-------+---------
           D:1 |       0 |      51 |   0.0 |       0 |      25 |   0.0 |   623
           D:2 |       0 |     123 |   0.0 |       0 |      18 |   0.0 |  1623
           D:3 |       0 |     253 |   0.0 |       0 |      35 |   0.0 |  1922
           D:4 |       0 |      70 |   0.0 |       0 |       7 |   0.0 |   323
               +---------+---------+-------+---------+---------+-------+---------
